 Dungeon Crawl Stone Soup version 0.16.1-2-g95b8d4c (webtiles) character file.

210 ketsa the Chopper (level 5, -1/45 HPs)
             Began as a Hill Orc Abyssal Knight on Mar 24, 2015.
             Was a Believer of Lugonu.
             Killed by divine providence
             ... invoked by an orc priest
              (10 damage)
             ... on level 3 of the Dungeon.
             The game lasted 00:11:48 (4217 turns).

ketsa the Chopper (Hill Orc Abyssal Knight)         Turns: 4217, Time: 00:11:49

Health: -1/45      AC:  5    Str: 16      XL:     5   Next: 87%
Magic:  9/9        EV: 10    Int: 12      God:    Lugonu [**....]
Gold:   113        SH:  0    Dex:  9 (10) Spells: 0 memorised, 4 levels left

rFire  . . .     SeeInvis +     w - +0 war axe
rCold  . . .     Clarity  .     s - +0 ring mail
rNeg   . . .     SustAb   .     (no shield)
rPois  .         Gourm    .     (no helmet)
rElec  .         Spirit   .     (no cloak)
rCorr  .         Warding  .     (no gloves)
rMut   .         Stasis   .     (no boots)
MR     .....                    (no amulet)
Stlth  ..........               (no ring)
                                o - ring of see invisible

@: not resistant to hostile enchantments, extremely unstealthy
A: no striking features
a: Depart the Abyss, Bend Space, Renounce Religion, Convert to Beogh


You were on level 3 of the Dungeon.
You worshipped Lugonu.
Lugonu was pleased with you.
You were not hungry.

You visited 1 branch of the dungeon, and saw 4 of its levels.
You visited the Abyss 1 time.

You collected 113 gold pieces.

Inventory:

Hand weapons
 a - a +1 hand axe
 w - a +0 war axe (weapon)
 z - a +0 broad axe
Missiles
 k - 19 sling bullets
 l - 36 stones (quivered)
 v - 7 needles of sleeping
Armour
 b - a +0 leather armour
 s - a +0 ring mail (worn)
Jewellery
 o - a ring of see invisible (left hand)
Magical devices
 u - a wand of cold (4)
 y - a wand of paralysis (10)
Scrolls
 g - a scroll of identify
 q - a scroll of immolation
Potions
 h - a potion of ambrosia
Comestibles
 c - 4 meat rations
 d - a slice of pizza
 f - 7 bread rations
 i - 2 fruits


   Skills:
 - Level 3.6 Fighting
 * Level 6.4 Axes
 - Level 2.1 Armour
 - Level 0.7 Dodging
 + Level 4.9 Invocations


You had 4 spell levels left.
You didn't know any spells.

Dungeon Overview and Level Annotations

Branches:
Dungeon (4/15)             Temple (0/1) D:4

Altars:
Sif Muna
Zin

Annotations:
D:2 Crazy Yiuf
D:3 kurshu's ghost, average MiFi
D:4 magipi's ghost, average TrAM


Message History

The orc hits you with a hand axe.
You climb upwards.
Level annotation: kurshu's ghost, average MiFi
There is a stone staircase leading down here.
Read which item? (? for menu, Esc to quit)
Okay, then.
Use which ability? (? or * to list)
You can't do that.
You barely miss the orc priest.
The orc priest shouts, "Surrender to Beogh and we'll let you live!"
You hit the worm!
The worm is moderately wounded.
You closely miss the orc.
The orc priest mumbles some strange prayers to Beogh against you.
Something smites you!
* * * LOW HITPOINT WARNING * * *
The orc closely misses you. The worm barely misses you.
The orc priest invokes the aid of Beogh against you.
Something smites you!
You die...

#.W..........#
######..##...# ##.# #.#
# #.###.##### ##
#....)....# #..
.######.........####...
................#....#
...####.........o.#
#....##.........@#..#
##.#..#.....[..w.o.#
#..........>...####
###..#.........#
##...........#
####.....#.####
#......^...##
###.............
#.............(#


You could see a worm, an orc priest and an orc.

Vanquished Creatures
  Sigmund (D:2)
  Jessica (D:2)
  An adder (D:2)
  4 gnolls
  2 worms
  A giant gecko (D:2)
  An ooze (D:3)
  2 orcs (D:3)
  3 giant cockroaches
  9 hobgoblins
  2 quokkas (D:2)
  A ball python (D:1)
  6 bats
  7 giant newts
  10 goblins
  5 kobolds
  7 rats
63 creatures vanquished.

Notes
Turn   | Place    | Note
--------------------------------------------------------------
     0 | Abyss:1  | ketsa, the Hill Orc Abyssal Knight, began the quest for the Orb.
     0 | Abyss:1  | Reached XP level 1. HP: 19/19 MP: 1/1
    34 | Abyss:1  | Found a radiant altar of Vehumet.
    57 | D:1      | Escaped the Abyss
   358 | D:1      | Acquired Lugonu's first power
   378 | D:1      | Reached XP level 2. HP: 17/26 MP: 2/2
  1362 | D:1      | Reached XP level 3. HP: 27/31 MP: 5/5
  1584 | D:2      | Noticed Crazy Yiuf
  1926 | D:2      | Noticed Jessica
  1945 | D:2      | Killed Jessica
  1945 | D:2      | Reached skill level 4 in Axes
  2039 | D:2      | Acquired Lugonu's second power
  2039 | D:2      | Reached XP level 4. HP: 30/39 MP: 7/7
  2360 | D:3      | Found a deep blue altar of Sif Muna.
  2363 | D:3      | Noticed kurshu's ghost (average MiFi)
  2432 | D:2      | Noticed Sigmund
  2709 | D:2      | Reached skill level 5 in Axes
  2712 | D:2      | Found a glowing silver altar of Zin.
  2802 | D:2      | Found a deep blue altar of Sif Muna.
  3115 | D:2      | Killed Sigmund
  3115 | D:2      | Reached skill level 6 in Axes
  3115 | D:2      | Reached XP level 5. HP: 15/45 MP: 9/9
  4176 | D:4      | Found a staircase to the Ecumenical Temple.
  4179 | D:4      | Noticed an ogre
  4215 | D:4      | Noticed magipi's ghost (average TrAM)
  4216 | D:4      | Noticed an ogre
  4217 | D:3      | Killed from afar by an orc priest

Action                   |  1- 3 |  4- 6 || total
-------------------------+-------+-------++-------
Melee: Hand axe          |   148 |    20 ||   168
       War axe           |       |    88 ||    88
Throw: Stone             |       |     4 ||     4
Invok: Depart the Abyss  |     1 |       ||     1
       Bend Space        |       |     1 ||     1
Evoke: Wand              |       |     3 ||     3
  Use: Potion            |     3 |     4 ||     7
       Scroll            |       |     6 ||     6
  Eat: Chunk             |     2 |     6 ||     8
       Pizza             |       |     1 ||     1
       Beef jerky        |       |     1 ||     1
